 Dungeon Crawl Stone Soup version 0.16.2-2-g470672f (webtiles) character file.

590 Enish the Destroyer (level 7, 0/36 HPs)
             Began as a Tengu Conjurer on Aug 24, 2015.
             Slain by Pikel
             ... wielding a +2 whip of electrocution
              (5 damage)
             ... on level 4 of the Dungeon.
             The game lasted 00:20:03 (4584 turns).

Enish the Destroyer (Tengu Conjurer)                Turns: 4584, Time: 00:20:03

Health: 0/36       AC:  3    Str:  8    XL:     7   Next: 39%
Magic:  1/20       EV: 13    Int: 17    God:
Gold:   135        SH:  0    Dex: 15    Spells: 3 memorised, 8 levels left

rFire  . . .     SeeInvis .     i - +1 whip (elec)
rCold  . . .     Clarity  .     u - +1 robe {rN+}
rNeg   + . .     SustAb   +     (no shield)
rPois  .         Gourm    .     (helmet restricted)
rElec  .         Spirit   .     (no cloak)
rCorr  .         Warding  .     (no gloves)
rMut   +         Stasis   .     (boots unavailable)
MR     .....                    p - amulet of resist mutation
Stlth  ++........               (no ring)
                                v - ring of sustain abilities

@: about to teleport, not resistant to hostile enchantments, unstealthy
A: able to fly, beak, talons 3
a: Fly


You were on level 4 of the Dungeon.
You were near starving.

You visited 1 branch of the dungeon, and saw 4 of its levels.

You collected 135 gold pieces.

Inventory:

Hand weapons
 i - a +1 whip of electrocution (weapon)
Missiles
 e - 11 javelins (quivered)
 k - 25 arrows
 l - 28 bolts
Armour
 u - a +1 robe of positive energy (worn)
 x - a swamp dragon hide
Jewellery
 p - an amulet of resist mutation (around neck)
 v - a ring of sustain abilities (left hand)
Magical devices
 a - a wand of random effects (30)
Scrolls
 n - 4 scrolls of remove curse
 w - a scroll of fear
Potions
 d - 2 potions of magic
 g - 2 potions of haste {unknown}
 j - 2 potions of might {unknown}
 o - a potion of curing
 q - 3 potions of flight
 z - a potion of lignification {unknown}
Books
 c - a book of Conjurations

   Spells                             Type                      Level
   a - Magic Dart                     Conjuration                  1
   b - Searing Ray                    Conjuration                  2
   c - Dazzling Spray                 Conjuration/Hexes            3
   d - Fulminant Prism                Conjuration/Hexes            4
   e - Iskenderun's Mystic Blast      Conjuration                  4
   f - Iskenderun's Battlesphere      Conjuration/Charms           5
Comestibles
 b - 2 bread rations
 h - a meat ration
 t - a beef jerky


   Skills:
 * Level 2.9 Dodging
 - Level 2.0 Stealth
 - Level 5.0 Spellcasting
 - Level 9.0 Conjurations


You had 8 spell levels left.
You knew the following spells:

 Your Spells              Type           Power        Failure   Level  Hunger
a - Magic Dart            Conj           ####         1%          1    None
b - Dazzling Spray        Conj/Hex       ###.....     10%         3    ###....
c - Iskenderun's Mystic   Conj           ####....     4%          4    ####...


Dungeon Overview and Level Annotations

Branches:
Dungeon (4/15)
 Temple: D:4-7

Altars:
Ashenzari
Dithmenos
Gozag
Okawaru
Qazlal
Zin

Annotations:
D:4 Pikel


Innate Abilities, Weirdness & Mutations

You can fly.
You have a beak for a mouth.
You have claws for feet.


Message History

Confirm with . or Enter, or press ? or * to list all spells.
Okay, then.
Casting: Iskenderun's Mystic Blast
Confirm with . or Enter, or press ? or * to list all spells.
Okay, then.
Casting: Iskenderun's Mystic Blast
Confirm with . or Enter, or press ? or * to list all spells.
Aiming: Dazzling Spray
Press: ? - help, Shift-Dir - straight line, f/p - Pikel
Aim: Pikel, wielding a whip of electrocution and wearing a robe (severely wounded)
The spray of energy hits Pikel.
Pikel is almost dead.
Pikel hits you with a whip of electrocution!
* * * LOW HITPOINT WARNING * * *
Unknown command.
Read which item? (? for menu, Esc to quit)
As you read the scroll of teleportation, it crumbles to dust.
You feel strangely unstable. The slave closely misses you.
Pikel hits you with a whip of electrocution.
You die...

##################
..........[^.p...#
#####...########.##
........p# ###..###
.....p...# #......#
.........# #......#
.........# #..pK..#
.........# #..@.?.#
.........# #......#
.......p.# #......#
.........#
#....).####
......p..#
###.......#
........# #.......#
... #.......# )
#.......# #.######
#.......###.#....#


You could see Pikel and a slave.

Vanquished Creatures
  Edmund (D:4)
  2 slaves (D:4)
  Blork the orc (D:4)
  2 scorpions (D:4)
  An iguana (D:4)
  4 worker ants (D:4)
  An orc wizard (D:3)
  Ijyb (D:4)
  Jessica (D:3)
  3 adders
  A gnoll (D:1)
  2 worms
  An adder skeleton (D:4)
  4 giant geckos
  4 orcs (D:3)
  A ball python (D:1)
  14 bats
  6 giant cockroaches
  5 goblins
  10 hobgoblins
  6 jackals
  2 quokkas (D:3)
  2 giant newts
  8 kobolds
  7 rats
90 creatures vanquished.

Notes
Turn   | Place    | Note
--------------------------------------------------------------
     0 | D:1      | Enish, the Tengu Conjurer, began the quest for the Orb.
     0 | D:1      | Reached XP level 1. HP: 10/10 MP: 3/3
   403 | D:1      | Reached XP level 2. HP: 15/15 MP: 0/5
   519 | D:1      | Reached skill level 6 in Conjurations
   669 | D:1      | Reached XP level 3. HP: 19/19 MP: 4/7
   708 | D:1      | Learned a level 3 spell: Dazzling Spray
  1551 | D:2      | Reached skill level 7 in Conjurations
  1842 | D:2      | Reached XP level 4. HP: 24/24 MP: 5/8
  2452 | D:2      | Learned a level 4 spell: Iskenderun's Mystic Blast
  2710 | D:3      | Found a shattered altar of Ashenzari.
  2710 | D:3      | Found an iron altar of Okawaru.
  2711 | D:3      | Found a glowing silver altar of Zin.
  2711 | D:3      | Found an opulent altar of Gozag.
  2714 | D:3      | Found a shadowy altar of Dithmenos.
  2833 | D:3      | Reached XP level 5. HP: 18/28 MP: 5/13
  3131 | D:3      | Found a stormy altar of Qazlal.
  3483 | D:3      | Noticed Jessica
  3484 | D:3      | Killed Jessica
  3621 | D:4      | Noticed Ijyb
  3626 | D:4      | Killed Ijyb
  3942 | D:4      | Reached XP level 6. HP: 29/32 MP: 0/17
  4118 | D:4      | Reached skill level 8 in Conjurations
  4125 | D:4      | Noticed a slave
  4162 | D:4      | Killed a slave
  4287 | D:4      | Noticed Edmund
  4294 | D:4      | Killed Edmund
  4294 | D:4      | Reached XP level 7. HP: 33/36 MP: 10/19
  4311 | D:4      | Noticed Blork the orc
  4313 | D:4      | Killed Blork the orc
  4313 | D:4      | Reached skill level 5 in Spellcasting
  4506 | D:4      | Reached skill level 9 in Conjurations
  4543 | D:4      | Noticed a slave
  4543 | D:4      | Noticed a slave
  4543 | D:4      | Noticed Pikel
  4545 | D:4      | Noticed a slave
  4562 | D:4      | Killed a slave
  4584 | D:4      | Slain by Pikel

Action                   |  1- 3 |  4- 6 |  7- 9 || total
-------------------------+-------+-------+-------++-------
Melee: Unarmed           |     2 |       |       ||     2
       Whip              |       |    53 |    12 ||    65
Throw: Javelin           |     3 |       |       ||     3
 Cast: Magic Dart        |    54 |    71 |       ||   125
       Dazzling Spray    |     3 |     2 |     5 ||    10
       Iskenderun's Myst |       |    16 |     9 ||    25
  Use: Scroll            |     2 |     8 |     1 ||    11
       Potion            |       |       |     4 ||     4
 Stab: Invisible         |       |     1 |       ||     1
  Eat: Chunk             |     3 |    12 |     1 ||    16
